 Dungeon Crawl Stone Soup version 0.31-a0-810-ga77100ea1a (webtiles) character file.

Game seed: 3620998197211910760

90 wildpjah the Ruffian (level 4, -1/32 HPs)
             Began as a Demonspawn Shapeshifter on Sept 21, 2023.
             Was a Believer of Vehumet.
             Slain by Sigmund
             ... wielding a +0 scythe
              (7 damage)
             ... on level 3 of the Dungeon.
             The game lasted 00:04:46 (1685 turns).

wildpjah the Ruffian (Demonspawn Shapeshifter)      Turns: 1685, Time: 00:04:46

Health: -1/32      AC:  5    Str: 16    XL:     4   Next: 32%
Magic:  4/4        EV:  9    Int: 12    God:    Vehumet [**....]
Gold:   89         SH:  0    Dex: 12    Spells: 2/3 levels left

rFire   . .          .
                       - Unarmed
rCold   + . .        (no shield)
rNeg    . . .        p - +2 leather armour {rC+}
rPois   .            (helmet currently unavailable)
rElec   .            (cloak currently unavailable)
rCorr   .            (gloves currently unavailable)
SInv    .            (boots currently unavailable)
Will    .....        (no amulet)
Stlth   +            (no ring)
HPRegen 0.25/turn    (no ring)
MPRegen 0.18/turn

%: no passive effects
@: confused, beast-form, weak-willed, constricted
A: beast (slay +1), hooves 1, magic regeneration
a: Begin Untransformation, Renounce Religion


You were on level 3 of the Dungeon.
You worshipped Vehumet.
Vehumet was pleased with you.
You were a hulking beast.
You visited 1 branch of the dungeon, and saw 3 of its levels.

You collected 89 gold pieces.

Inventory:

Missiles
 j - 28 stones (quivered)
Armour
 a - a +0 animal skin
 p - a +2 leather armour of cold resistance (worn)
Jewellery
 q - the ring "Fiubyufi" {Fly Str+6}
   (You found it on level 2 of the Dungeon)

   [ring of flight]

   Str+6:     It affects your strength (+6).
   Fly:       It grants you flight.
Talismans
 c - a beast talisman (active)
 d - a flux talisman
Scrolls
 g - a scroll of identify
 i - 2 scrolls of fog
Potions
 b - a potion of lignification
 f - a potion of berserk rage {unknown}
 h - a potion of might {unknown}
 k - a potion of magic {unknown}
 o - 2 potions of curing {unknown}


   Skills:
 + Level 1.1 Fighting
 + Level 2.2 Dodging
 + Level 0.1 Stealth
 + Level 3.7 Unarmed Combat
 + Level 0.4 Spellcasting
 + Level 0.7 Earth Magic
 + Level 3.2 Shapeshifting


You had 2 spell levels left.
You knew the following spells:

 Your Spells              Type           Power      Damage    Failure   Level
a - Sandblast             Erth           2%         2d4       30%         1

Your spell library contained the following spells:

 Spells                   Type           Power      Damage    Failure   Level
 Scorch                   Fire           0%         2d5       52%         2


Dungeon Overview and Level Annotations

Branches:
Dungeon (3/15)

Altars:
Vehumet

Annotations:
D:3 Sigmund


Innate Abilities, Weirdness & Mutations

You are a hulking beast.
Your limbs bulge with bestial killing power. (Slay +1)
You have large cloven feet.
You regenerate magic rapidly.


Message History

Sigmund is moderately wounded.
The bat hits you but does no damage. The orc closely misses you.
The ball python closely misses you. The ball python constricts you.
You closely miss Sigmund. Your kick misses Sigmund.
Sigmund is moderately wounded.
The bat closely misses you. The orc closely misses you.
Sigmund hits you with a +0 scythe! The ball python bites you.
The ball python constricts you. The bat closely misses you.
You barely miss Sigmund.
Sigmund is moderately wounded.
The bat hits you but does no damage. The orc hits you but does no damage.
The ball python closely misses you. The ball python constricts you.
Sigmund gestures wildly while chanting.
Sigmund flickers and vanishes!
Deactivating autopickup; reactivate with Ctrl-A.
You hit something. Your kick misses something.
The ball python bites you but does no damage.
The ball python constricts you. The orc closely misses you.
The rat bites you but does no damage. Something hits you.
You miss something. Your kick misses something.
The ball python barely misses you. The ball python constricts you.
The orc hits you with a +0 mace. The rat barely misses you.
You closely miss something. The ball python closely misses you.
The ball python constricts you. The orc hits you but does no damage.
The rat closely misses you.
A hobgoblin comes into view.
Something completely misses you.
You barely miss something. The ball python bites you.
The ball python constricts you. The rat bites you. The orc barely misses you.
The ball python closely misses you. The ball python constricts you.
You hit something.
You hear some strange, mumbled words.
You are confused.
The ball python barely misses you. The ball python constricts you.
* * * LOW HITPOINT WARNING * * *
The orc hits you with a +0 mace.
* * * LOW HITPOINT WARNING * * *
The rat bites you but does no damage.
You hit something. Your kick misses something. Something hits you!
You die...

#.#.# ## ..#..#
.# #..... .###
.....> ...
......# .. ##.
....... [##....
<...>..#...#
......S..#.#
.....brh...#
......{o....g..
....!.#......!.
........#...#..
##.=#.#####....
#..## .#.. ..#
#.. ##


You could see an orc, a hobgoblin, a bat, a ball python and a rat.

Vanquished Creatures
  4 adders (D:2)
  3 worms (D:2)
  A dart slug (D:1)
  5 bats
  2 endoplasms (D:1)
  2 giant cockroaches
  3 goblins
  3 hobgoblins
  2 quokkas
  5 ball pythons
  3 frilled lizards (D:1)
  8 kobolds
  5 rats (D:1)
46 creatures vanquished.

Notes
Turn   | Place    | Note
-------+----------+-------------------------------------------
     0 | D:1      | wildpjah the Demonspawn Shapeshifter began the quest for
                  | the Orb.
     0 | D:1      | Reached XP level 1. HP: 15/15 MP: 1/1
    82 | D:1      | Found a faded altar of an unknown god.
   101 | D:1      | Gained mutation: You regenerate magic rapidly. [demonic
                  | ancestry]
   101 | D:1      | Reached XP level 2. HP: 18/21 MP: 2/2
   138 | D:1      | Prayed at the altar of an unknown god.
   138 | D:1      | Became a worshipper of Vehumet
   138 | D:1      | Reached * piety under Vehumet
   138 | D:1      | Offered knowledge of Sandblast by Vehumet.
   141 | D:1      | Learned a level 1 spell: Sandblast
   792 | D:2      | Gained mutation: You have large cloven feet. [demonic
                  | ancestry]
   792 | D:2      | Reached XP level 3. HP: 16/26 MP: 0/3
  1214 | D:2      | Reached XP level 4. HP: 19/32 MP: 2/4
  1435 | D:2      | Identified the ring "Fiubyufi" {Fly Str+6}
  1665 | D:3      | Reached ** piety under Vehumet
  1665 | D:3      | Offered knowledge of Scorch by Vehumet.
  1671 | D:3      | Noticed Sigmund
  1685 | D:3      | Slain by Sigmund

Illustrated notes

Levels and vault maps discovered:
D:1:      saegor_arrival_simple_d, layout_rooms, basic_ecumenical_altar,
          hangedman_decor_peaks_small, feat_on_display
D:2:      layout_basic, kennysheep_generic_room_13
D:3:      layout_rooms, gup_sewer_entry_spiral, serial_shops, shop, uniq_robin,
          uniq_sigmund

Skill      XL: |  1  2 |
---------------+-------+-----
Unarmed Combat | 3 |  3.7
Shapeshifting  | 3 |  3.2
Dodging        | 2 |  2.2
Fighting       | |  1.1
Stealth        | |  0.1
Spellcasting   | |  0.4
Earth Magic    | |  0.7

Action                     |  1- 3 |  4- 6 || total
---------------------------+-------+-------++-------
  Melee: Unarmed           |    83 |    28 ||   111
         Kick              |     4 |     2 ||     6
         Punch             |     1 |       ||     1
   Cast: Sandblast         |    12 |     6 ||    18
    Use: Scroll            |       |     5 ||     5
 Armour: Animal skin       |    48 |     3 ||    51
         Leather armour    |       |    23 ||    23
  Dodge: Dodged            |    44 |    34 ||    78
  Block: Buckler           |     4 |     4 ||     8

Table legend: (Time is in decaauts)
 A = Elapsed time spent in this place.
 B = Non-inter-level travel time spent in this place.
 C = Inter-level travel time spent in this place.
 D = Time resting spent in this place.
 E = Time spent auto-exploring this place.
 F = Levels seen in this place.
 G = Mean time per level.
                   A        B        C        D        E       F      G
               +--------+--------+--------+--------+--------+-----+--------+
         Total |   1688 |   1627 |     61 |      0 |   1325 |   3 |  562.7 |
       Dungeon |   1688 |   1627 |     61 |      0 |   1325 |   3 |  562.7 |
               +--------+--------+--------+--------+--------+-----+--------+

Top non-repeatable levels by time:
     D:2: 883 daAuts
     D:1: 782 daAuts
     D:3: 21 daAuts
